 Dungeon Crawl Stone Soup version 0.29.1-13-g9f3cf754e1 (webtiles) character file.

Game seed: 9431791262608548626

61 Exodus22XD the Covered (level 3, 33/33 HPs)
             Began as a Minotaur Fighter on Feb 4, 2023.
             Was a Follower of Vehumet.
             Quit the game on level 2 of the Dungeon.
             The game lasted 00:01:02 (977 turns).

Exodus22XD the Covered (Minotaur Fighter)            Turns: 977, Time: 00:01:03

Health: 33/33      AC:  7    Str: 22    XL:     3   Next: 83%
Magic:  2/2        EV:  9    Int:  5    God:    Vehumet [*.....]
Gold:   14         SH:  4    Dex:  9    Spells: 2/2 levels left

rFire   . . .      SeeInvis .   a - +0 war axe
rCold   . . .      Faith    .   c - +0 buckler
rNeg    . . .      Spirit   .   b - +0 scale mail
rPois   .          Reflect  .   (helmet restricted)
rElec   .          Harm     .   (no cloak)
rCorr   .          Rampage  .   (no gloves)
Will    .....                   (no boots)
Stlth   ..........              (no amulet)
HPRegen 0.11/turn               (no ring)
MPRegen 0.08/turn               (no ring)

@: no status effects
A: horns 2, retaliatory headbutt
a: Renounce Religion


You were on level 2 of the Dungeon.
You worshipped Vehumet.
Vehumet was aware of your devotion.
You visited 1 branch of the dungeon, and saw 2 of its levels.

You collected 14 gold pieces.

Inventory:

Hand Weapons
 a - a +0 war axe (weapon)
Armour
 b - a +0 scale mail (worn)
 c - a +0 buckler (worn)
Scrolls
 e - 2 scrolls of identify {unknown}
 g - a scroll of summoning {unknown}
 h - a scroll of teleportation {unknown}
 i - a scroll of blinking {unknown}
Potions
 d - a potion of might
 f - a potion of cancellation {unknown}


   Skills:
 + Level 4.2 Fighting
 + Level 3.4 Axes
 + Level 4.3 Armour
 + Level 4.1 Shields


You had 2 spell levels left.
You didn't know any spells.
Your spell library was empty.

Dungeon Overview and Level Annotations

Branches:
Dungeon (2/15)

Altars:
Vehumet


Innate Abilities, Weirdness & Mutations

You have a pair of horns on your head.
You reflexively headbutt those who attack you in melee.


Message History

The hobgoblin hits you but does no damage.
You hit the hobgoblin.
You kill the hobgoblin!
You slash the quokka!
You kill the quokka!
An endoplasm comes into view.
An adder comes into view.
The adder hisses angrily.
The endoplasm quivers.
Found 5 atropa-tipped darts.
You hit the endoplasm.
The endoplasm is almost dead.
The endoplasm hits you but does no damage.
You slash the endoplasm!
You kill the endoplasm!
The adder closely misses you.
You barely miss the adder. Your headbutt misses the adder.
The adder bites you but does no damage.
You barely miss the adder. The adder bites you but does no damage.
The adder barely misses you.
You barely miss the adder. The adder closely misses you.
The adder bites you but does no damage.
You miss the adder. You headbutt the adder!
The adder is severely wounded.
You block the adder's attack. x2
You closely miss the adder. Your headbutt misses the adder.
The adder is severely wounded.
The adder barely misses you. The adder bites you.
You slash the adder!
You kill the adder!
No target in view!
You now have 14 gold pieces (gained 8).
There is a faded altar of an unknown god here.
You see here a -1 dagger.
You cannot tell which god this altar belongs to.
Convert to them anyway?
Vehumet accepts your prayer! Vehumet welcomes you!
You can now gain magical power from killing.
Vehumet offers you knowledge of Sandblast.
Are you sure you want to abandon this character and quit the game? (Confirm with "yes".)

.#######.# ##.[......##
.. ##>###..........#
#.. #...............#
..#.###...............#
#...†.........).......#
......................#
####.................#
###...[.......#..#
#.†.......#@..##
#.<.......#..##
#.#....####..#
#.###..>. ....
.........######
............ ...
.........


There were no monsters in sight!

Vanquished Creatures
  An adder (D:2)
  A worm (D:2)
  2 dart slugs (D:1)
  3 endoplasms
  A giant cockroach (D:2)
  7 hobgoblins
  5 quokkas
  A ball python (D:2)
  4 bats (D:1)
  4 frilled lizards
  6 goblins
  3 kobolds
  5 rats
43 creatures vanquished.

Notes
Turn   | Place    | Note
-------+----------+-------------------------------------------
     0 | D:1      | Exodus22XD the Minotaur Fighter began the quest for the
                  | Orb.
     0 | D:1      | Reached XP level 1. HP: 19/19 MP: 0/0
    81 | D:1      | Reached XP level 2. HP: 27/27 MP: 1/1
   443 | D:1      | Reached XP level 3. HP: 33/33 MP: 2/2
   945 | D:2      | Found a faded altar of an unknown god.
   976 | D:2      | Prayed at the altar of an unknown god.
   976 | D:2      | Became a worshipper of Vehumet
   976 | D:2      | Reached * piety under Vehumet
   976 | D:2      | Offered knowledge of Sandblast by Vehumet.
   977 | D:2      | Quit the game

Illustrated notes

Levels and vault maps discovered:
D:1:      doesnt_arrival_eight_statues, layout_loops_ring, minmay_domino_2
D:2:      layout_rooms, ebering_ecumenical_altar_rust

Skill      XL: |  1  2  3 |
---------------+----------+-----
Fighting       | 4 |  4.2
Armour         | 4 |  4.3
Shields        | 4 |  4.1
Axes           | 3 |  3.4

Action                   || total
-------------------------++-------
Melee: War axe           ||    81
       Headbutt          ||    12
Armor: Scale mail        ||    36
Dodge: Dodged            ||    36
Block: Buckler           ||    23
